 Dungeon Crawl Stone Soup version 0.29-a0-919-gd064cfad1c (webtiles) character file.

Game seed: 16077187179629212833

140 xian the Covert (level 5, -1/26 HPs)
             Began as a Felid Delver on July 27, 2022.
             Was an Initiate of Gozag.
             Slain by Pikel
             ... wielding a +1 whip of flaming
              (10 damage)
             ... while paralysed by Grinder
             ... on level 4 of the Dungeon.
             The game lasted 00:13:14 (3604 turns).

xian the Covert (Felid Delver)                      Turns: 3604, Time: 00:13:15

Health: -1/26      AC:  1    Str: 10    XL:     5   Next: 2%
Magic:  6/6        EV:  4    Int: 17    God:    Gozag
Gold:   30         SH:  0    Dex: 18    Spells: 5/5 levels left
                                        Lives:  0   Deaths: 1

rFire   . . .      SeeInvis +     - Unarmed
rCold   . . .      Faith    +   (shield unavailable)
rNeg    . . .      Spirit   .   (body armour unavailable)
rPois   .          Reflect  .   (helmet unavailable)
rElec   .          Harm     .   (cloak unavailable)
rCorr   .          Rampage  .   (gloves unavailable)
Will    .....                   (boots unavailable)
Stlth   ++++......              v - amulet of faith
HPRegen 0.08/turn               n - +6 ring of intelligence
MPRegen 0.10/turn               r - +4 ring of evasion

@: paralysed, quick
A: very small, claws 1, fangs 3, see invisible, speed 1, shaggy fur 1, stealthy
paws, no weapons or thrown items, no armour, multi-lived, robust 1, noise
suppression
a: Renounce Religion, Potion Petition, Call Merchant, Bribe Branch


You were on level 4 of the Dungeon.
You worshipped Gozag.
Gozag was noncommittal.
You visited 2 branches of the dungeon, and saw 6 of its levels.
You also visited: Sewer.

You collected 157 gold pieces.
You paid 127 gold pieces to Gozag.

Inventory:

Armour
 j - a +0 troll leather armour {Pargi}
Jewellery
 m - a ring of magical power
 n - a +6 ring of intelligence (left paw)
 r - a +4 ring of evasion (right paw)
 v - an amulet of faith (around neck)
 w - a ring of positive energy
Wands
 e - a wand of digging (3)
 f - a wand of flame (11)
Scrolls
 a - a scroll of fog
 b - 4 scrolls of magic mapping
 c - 2 scrolls of fear
 k - 4 scrolls of teleportation
 l - 2 scrolls of blinking
 o - a scroll of poison
 s - a scroll of butterflies
 u - 2 scrolls of amnesia
Potions
 d - 4 potions of haste
 g - 2 potions of heal wounds
 h - a potion of cancellation
 i - a potion of degeneration {unknown}
 p - 3 potions of curing
 q - a potion of brilliance {unknown}
 t - a potion of mutation


   Skills:
 + Level 3.5 Fighting
 + Level 3.5 Dodging
 + Level 9.0 Stealth
 + Level 2.8 Unarmed Combat
 * Level 0.6 Spellcasting


You had 5 spell levels left.
You didn't know any spells.
Your spell library contained the following spells:

 Spells                   Type           Power      Damage    Failure   Level
 Confusing Touch          Hex            0%         N/A       56%         3
 Dazzling Flash           Conj/Hex       0%         N/A       56%         3
 Iskenderun's Mystic Bla  Conj/Tloc      0%         2d3       92%         4
 Blade Hands              Tmut           0%         N/A       99%         5
 Irradiate                Conj/Tmut      0%         3d11      99%         5
 Yara's Violent Unravell  Hex/Tmut       0%         3d3       99%         5
 Starburst                Conj/Fire      0%         6d3       100%        6
 Dragon Form              Tmut           0%         N/A       100%        7
 Enfeeble                 Hex            0%         N/A       100%        7


Dungeon Overview and Level Annotations

Branches:
Dungeon (5/15)             Temple (1/1) D:4           Sewer (visited)

Altars:
Gozag

Shops:
D:5 (

Annotations:
D:4 Grinder, Pikel


Innate Abilities, Weirdness & Mutations

You have sharp claws.
You have razor-sharp teeth.
You have supernaturally acute eyesight. (SInv)
You cover ground quickly. (Speed+)
You are covered in fur. (AC +1)
Your paws help you pounce on unaware monsters.
You are incapable of wielding weapons or throwing items.
You cannot wear armour.
You gain extra lives every three experience levels.
You are robust. (+10% HP)
You passively dampen the noise of your surroundings.


Message History

There is a staircase back to the Dungeon here.
Found an opulent altar of Gozag.
There is an opulent altar of Gozag here.
You sit before the altar of Gozag.
Gozag welcomes you!
You pay a service fee of 127 gold.
There is a staircase back to the Dungeon here.
You climb upwards.
Welcome back to the Dungeon!
Level annotation: Pikel
There is a staircase to the Ecumenical Temple here.
You now have 30 gold pieces (gained 15).
You open the door.
There is an open door here.
You open the door.
Grinder comes into view.
There is an open door here.
Found 14 gold pieces.
Found a stone staircase leading up.
Something unseen opens the door.
You pounce on the unaware helpless Grinder!
You mangle Grinder!!
Grinder is severely wounded.
Grinder gestures at you. You resist with some effort.
Pikel shouts!
You scratch Grinder.
Grinder is almost dead.
Grinder gestures at you. Pain shoots through your body!
You scratch Grinder but do no damage. You bite Grinder.
Grinder is almost dead.
Grinder gestures at you.
You suddenly lose the ability to move!
Grinder hits you.
You writhe in agony.
Grinder gestures at you. Pain shoots through your body! Grinder hits you!
You writhe in agony.
Pikel hits you with a +1 whip of flaming!
You die...
Your body crumbles into a pile of gold.

...#.....#.....#........ #....###
#'##.....'.....#.....## #######.
..#......#.....'.....'...#.....'.
.........#.....#.....#...#.....#.
..♣.♣.+#########.....#..###..###.
...>....#...........##..###..###.
..♣.♣...#...........#........#...
........#.......K...#........#...
.....#..#....$..@...#........#...
.....#..#.......5...#........#...
.....#..#...........#........#...
###### ##...........#....##..####
...##+##'###....##..#
...#.............#...# .<
#.............#...#
#.............# ..#
#.............#


You could see Pikel and Grinder.

Vanquished Creatures
  Pargi (Sewer)
  3 adders
  A river rat (D:5)
  A worm (D:3)
  A dart slug (D:1)
  5 bats
  5 endoplasms
  4 giant cockroaches
  4 goblins
  6 hobgoblins
  6 jackals
  A quokka (D:4)
  12 ball pythons
  3 frilled lizards
  8 kobolds
  6 rats
67 creatures vanquished.

Notes
Turn   | Place    | Note
-------+----------+-------------------------------------------
     0 | D:5      | xian the Felid Delver began the quest for the Orb.
     0 | D:5      | Reached XP level 1. HP: 10/10 MP: 2/2
    48 | D:5      | Found a glowing drain.
    67 | Sewer    | Entered a sewer
   137 | Sewer    | Noticed Pargi
   143 | Sewer    | Gained mutation: You passively dampen the noise of your
                  | surroundings. [potion of mutation]
   143 | Sewer    | Gained mutation: You are robust. (+10% HP) [potion of
                  | mutation]
   165 | Sewer    | Killed Pargi
   166 | Sewer    | Reached skill level 8 in Stealth
   166 | Sewer    | Reached XP level 2. HP: 10/15 MP: 3/3
   166 | Sewer    | Reached XP level 3. HP: 12/18 MP: 4/4
   166 | Sewer    | Reached XP level 4. HP: 15/23 MP: 5/5
   351 | D:5      | Found Umeerchu's Weapon Shop.
   375 | D:5      | Noticed a bullfrog
   424 | D:5      | Slain by a gnoll
   425 | D:5      | Reached XP level 3. HP: 0/18 MP: 4/4
   430 | D:5      | Noticed an ice beast
   745 | D:2      | Reached XP level 4. HP: 23/23 MP: 5/5
  1355 | D:1      | Found a faded altar of an unknown god.
  3188 | D:4      | Reached XP level 5. HP: 26/26 MP: 6/6
  3275 | D:4      | Noticed a lemure
  3277 | D:4      | Noticed Pikel
  3277 | D:4      | Noticed a lemure
  3277 | D:4      | Noticed a lemure
  3277 | D:4      | Noticed a lemure
  3533 | D:4      | Found a staircase to the Ecumenical Temple.
  3542 | D:4      | Reached skill level 9 in Stealth
  3551 | Temple   | Entered the Ecumenical Temple
  3559 | Temple   | Became a worshipper of Gozag Ym Sagoz the Greedy
  3591 | D:4      | Noticed Grinder
  3600 | D:4      | Paralysed by Grinder for 5 turns
  3604 | D:4      | Slain by Pikel

Illustrated notes

Levels and vault maps discovered:
D:1:      amcnicky_arrival_underground_garden, layout_loops_ring,
          hellmonk_ecumenical_altar_leap_of_faith
D:2:      layout_basic
D:3:      layout_basic
D:4:      layout_gridville, mainiacjoe_overflow_cross_hatched,
          minmay_temple_entry_trees, uniq_pikel, uniq_menkaure, uniq_grinder
D:5:      layout_layer_cave, amcnicky_altar_gilded,
          cheibrodos_sewer_entry_sluice, serial_shops,
          nicolae_shop_bloodbath_and_beyond, kennysheep_opposing_triangles,
          uniq_edmund, uniq_crazy_yiuf_cottage
Temple:   hellmonk_temple_forest_ring

Skill      XL: |  1  2  3  4  5 |
---------------+----------------+-----
Dodging        | 3 |  3.5
Stealth        | 8 9 |  9.0
Fighting       | |  3.5
Unarmed Combat | |  2.8
Spellcasting   | |  0.6

Action                   |  1- 3 |  4- 6 || total
-------------------------+-------+-------++-------
Melee: Unarmed           |    19 |   109 ||   128
       Bite              |     1 |    10 ||    11
       Punch             |       |     1 ||     1
  Use: Potion            |     3 |       ||     3
       Scroll            |     2 |     7 ||     9
 Stab: Invisible         |     2 |       ||     2
       Sleeping          |     3 |    24 ||    27
Armor: Skin              |     5 |     2 ||     7
Dodge: Dodged            |    35 |    84 ||   119

Table legend: (Time is in decaauts)
 A = Elapsed time spent in this place.
 B = Non-inter-level travel time spent in this place.
 C = Inter-level travel time spent in this place.
 D = Time resting spent in this place.
 E = Time spent auto-exploring this place.
 F = Levels seen in this place.
 G = Mean time per level.
                   A        B        C        D        E       F      G
               +--------+--------+--------+--------+--------+-----+--------+
         Total |   3064 |   3017 |     47 |      0 |   1959 |   7 |  437.7 |
       Dungeon |   2831 |   2784 |     47 |      0 |   1849 |   5 |  566.2 |
        Temple |     13 |     13 |      0 |      0 |      0 |   1 |   13.0 |
         Sewer |    218 |    218 |      0 |      0 |    109 |   1 |  218.0 |
               +--------+--------+--------+--------+--------+-----+--------+

Top non-repeatable levels by time:
     D:2: 1116 daAuts
     D:3: 633 daAuts
     D:1: 526 daAuts
     D:4: 388 daAuts
   Sewer: 218 daAuts
     D:5: 168 daAuts
  Temple: 13 daAuts
